 Dungeon Crawl Stone Soup version 0.20.0-10-g0535bb4 (webtiles) character file.

129 Gorglomux the Chopper (level 5, 0/46 HPs)
             Began as a Hill Orc Monk on June 3, 2017.
             Slain by an orc warrior
             ... wielding a +0 glaive
              (8 damage)
             ... on level 5 of the Dungeon.
             The game lasted 00:05:05 (2783 turns).

Gorglomux the Chopper (Hill Orc Monk)               Turns: 2783, Time: 00:05:06

Health: 0/46       AC:  8    Str: 14    XL:     5   Next: 12%
Magic:  5/5        EV:  6    Int: 10    God:
Gold:   64         SH:  0    Dex: 14    Spells: 4/4 levels left

rFire    . . .     SeeInvis .   a - +0 hand axe
rCold    . . .     Gourm    .   (no shield)
rNeg     . . .     Faith    .   C - +0 chain mail
rPois    .         Spirit   .   (no helmet)
rElec    .         Reflect  .   (no cloak)
rCorr    .         Harm     .   (no gloves)
MR       .....                  (no boots)
Stlth    ..........             (no amulet)
Regen    0.2/turn               (no ring)
MPRegen  0.1/turn               (no ring)

@: very slightly contaminated
A: no striking features
a: no special abilities


You were on level 5 of the Dungeon.
You were not hungry.

You visited 1 branch of the dungeon, and saw 5 of its levels.

You collected 64 gold pieces.

Inventory:

Hand Weapons
 a - a +0 hand axe (weapon)
Armour
 b - a +0 robe
 C - a +0 chain mail (worn)
 G - a +0 plate armour
Scrolls
 A - a scroll of identify
Comestibles
 c - a bread ration
 z - 3 meat rations


   Skills:
 - Level 3.7 Fighting
 + Level 7.4 Axes
 - Level 2.4 Dodging
 - Level 1.5 Stealth


You had 4 spell levels left.
You didn't know any spells.

Dungeon Overview and Level Annotations

Branches:
Dungeon (5/15)
 Temple: D:4-7

Altars:
Xom
Yredelemnul

Shops:
D:5 }?

Annotations:
D:2 Sigmund
D:3 zkyp's ghost, amateur OgHu
D:4 SedStubbie's ghost, novice BaFi
D:5 Pikel


Message History

Your resistance to elements expires.
The orc warrior shouts!
The orc wizard shouts!
The hound zombie bites you but does no damage. x2
A leopard gecko comes into view.
The leopard gecko hisses angrily.
Found Tileil's Gadget Shop.
Found two stone staircases leading up.
The orc wizard looks encouraged for a moment.
Pikel says, "You'll feel the lick of my whip!"
The hound zombie barely misses you. The orc wizard casts a spell at you.
The puff of frost misses you.
You open the door.
The hound zombie bites you but does no damage.
The orc hits you with a club.
* * * LOW HITPOINT WARNING * * *
The leopard gecko bites you.
* * * LOW HITPOINT WARNING * * *
The orc warrior hits you from afar with a glaive!
You die...

..........#.#
............
..<........#
..<....)...#
...........#
..........##+####+##
####+#.o.....p.......##
#....#olo..............
#....'@Z..K...∩........
#....#.p...........%...
#### #.................
##############p...
#..p..#..#...[
#.....#..#.K..
#.K.###..#....
##'####..###..
#...#..p...'..


You could see Pikel, an orc warrior, 2 slaves, an orc wizard, an orc, a hound
zombie and a leopard gecko.

Vanquished Creatures
  A crimson imp (D:4)
  An adder (D:3)
  An ooze (D:2)
  2 worms
  A dart slug (D:3)
  6 orcs
  A giant cockroach (D:4)
  8 goblins
  11 hobgoblins
  7 jackals
  7 kobolds
  A ball python (D:3)
  8 bats
  3 frilled lizards
  7 rats
65 creatures vanquished.

Vanquished Creatures (others)
  5 dream sheep (D:4)
5 creatures vanquished.

Grand Total: 70 creatures vanquished

Notes
Turn   | Place    | Note
-------+----------+-------------------------------------------
     0 | D:1      | Gorglomux the Hill Orc Monk began the quest for the Orb.
     0 | D:1      | Reached XP level 1. HP: 19/19 MP: 1/1
   409 | D:2      | Noticed Sigmund
   685 | D:1      | Reached XP level 2. HP: 27/27 MP: 2/2
   786 | D:1      | You fall through a shaft!
   803 | D:2      | Reached skill level 5 in Axes
  1029 | D:2      | Reached XP level 3. HP: 31/33 MP: 3/3
  1127 | D:2      | Found a basalt altar of Yredelemnul.
  1699 | D:3      | Reached skill level 6 in Axes
  2145 | D:3      | Reached XP level 4. HP: 28/40 MP: 4/4
  2455 | D:3      | Noticed zkyp's ghost (amateur OgHu)
  2526 | D:4      | Reached skill level 7 in Axes
  2526 | D:4      | Reached XP level 5. HP: 37/46 MP: 5/5
  2546 | D:4      | Found a shimmering altar of Xom.
  2546 | D:4      | Noticed SedStubbie's ghost (novice BaFi)
  2546 | D:4      | Noticed a dream sheep
  2546 | D:4      | Noticed a dream sheep
  2546 | D:4      | Noticed a dream sheep
  2546 | D:4      | Noticed a dream sheep
  2546 | D:4      | Noticed a dream sheep
  2550 | D:4      | Killed a dream sheep
  2550 | D:4      | Killed a dream sheep
  2550 | D:4      | Killed a dream sheep
  2552 | D:4      | Killed a dream sheep
  2554 | D:4      | Killed a dream sheep
  2736 | D:5      | Entered Level 5 of the Dungeon
  2736 | D:5      | Noticed Pikel
  2736 | D:5      | Noticed a slave
  2736 | D:5      | Noticed a slave
  2736 | D:5      | Noticed a slave
  2736 | D:5      | Noticed a slave
  2767 | D:5      | Found Ynimahos's Magic Scroll Emporium.
  2776 | D:5      | Noticed an orc warrior
  2777 | D:5      | Found Tileil's Gadget Shop.
  2783 | D:5      | Slain by an orc warrior

Skill      XL: |  1  2  3  4 |
---------------+-------------+-----
Axes           | 5 6 7 |  7.4
Fighting       | |  3.7
Dodging        | |  2.4
Stealth        | |  1.5

Action                   |  1- 3 |  4- 6 || total
-------------------------+-------+-------++-------
Melee: Hand axe          |   190 |   109 ||   299
  Use: Potion            |       |     3 ||     3
       Scroll            |       |     2 ||     2
 Stab: Sleeping          |     1 |       ||     1
  Eat: Chunk             |     3 |     3 ||     6
Armor: Chain mail        |   160 |    68 ||   228
       Robe              |     6 |       ||     6
Dodge: Dodged            |    90 |    23 ||   113
